 Dungeon Crawl Stone Soup version 0.24-a0-170-gd8427f5 (webtiles) character file.

Game seed: 15124194078203969823

15250 Dfrag the Arsonist (level 12, 0/88 HPs)
             Began as a Naga Fire Elementalist on Mar 9, 2019.
             Was a High Priest of Vehumet.
             Slain by a cyan ugly thing (4 damage)
             ... on level 11 of the Dungeon.
             The game lasted 00:24:39 (13247 turns).

Dfrag the Arsonist (Naga Fire Elementalist)        Turns: 13247, Time: 00:24:39

Health: 0/88       AC: 13    Str: 10    XL:     12   Next: 25%
Magic:  18/41      EV:  8    Int: 22    God:    Vehumet [*****.]
Gold:   603        SH:  0    Dex: 11    Spells: 7/32 levels left

rFire    . . .     SeeInvis +   M - staff of power
rCold    . . .     Gourm    .   (no shield)
rNeg     . . .     Faith    .   a - +0 robe
rPois    +         Spirit   .   F - +0 helmet
rElec    .         Reflect  .   (no cloak)
rCorr    .         Harm     .   P - +2 pair of gloves
MR       +....                  o - +0 naga barding
Stlth    +++.......             (no amulet)
HPRegen  0.24/turn              j - ring of stealth
MPRegen  0.27/turn              E - ring of wizardry

@: very slow
A: large, see invisible, deformed body, poison resistance, slowness 2, slow
metabolism 1, spit poison 1, AC +4
a: Spit Poison, Renounce Religion


You were on level 11 of the Dungeon.
You worshipped Vehumet.
Vehumet was extremely pleased with you.
You were not hungry.

You visited 2 branches of the dungeon, and saw 12 of its levels.
You also visited: Sewer and Ossuary.

You collected 603 gold pieces.

Inventory:

Hand Weapons
 z - a +4 great sword
Armour
 a - a +0 robe (worn)
 o - a +0 naga barding (worn)
 F - a +0 helmet (worn)
 P - a +2 pair of gloves (worn)
Magical Staves
 M - an uncursed staff of power (weapon)
Jewellery
 j - a ring of stealth (left hand)
 n - an uncursed ring of ice
 B - an uncursed ring of resist corrosion
 E - a ring of wizardry (right hand)
 K - an uncursed ring of magical power
Wands
 t - a wand of polymorph (23)
 y - a wand of random effects (28)
 C - a wand of clouds (3)
 L - a wand of enslavement (8)
Scrolls
 b - 2 scrolls of teleportation
 d - 6 scrolls of remove curse
 e - 3 scrolls of enchant armour {unknown}
 f - a scroll of enchant weapon {unknown}
 k - 3 scrolls of amnesia {unknown}
 m - a scroll of noise {unknown}
 q - 4 scrolls of magic mapping {unknown}
 r - 5 scrolls of blinking
 u - a scroll of identify
 v - 3 scrolls of fog {unknown}
 w - 5 scrolls of immolation {unknown}
 x - 2 scrolls of fear {unknown}
 N - a scroll of torment {unknown}
Potions
 g - 4 potions of might
 h - 2 potions of lignification
 i - 2 potions of invisibility
 l - a potion of resistance
 p - 2 potions of flight
 s - 4 potions of curing
 D - 2 potions of brilliance {unknown}
 G - a potion of mutation {unknown}
 H - 2 potions of agility {unknown}
 I - a potion of magic {unknown}
 J - a potion of berserk rage {unknown}
 O - 4 potions of degeneration
Comestibles
 c - 29 rations


   Skills:
 - Level 1.5 Dodging
 - Level 3.0 Stealth
 + Level 10.6 Spellcasting
 + Level 11.3 Conjurations
 + Level 11.6 Fire Magic


You had 7 spell levels left.
You knew the following spells:

 Your Spells              Type           Power        Failure   Level  Hunger
a - Flame Tongue          Conj/Fire      #####        1%          1    None
b - Searing Ray           Conj           ######       1%          2    None
c - Sticky Flame          Conj/Fire      ######..     1%          4    #......
d - Fireball              Conj/Fire      ######....   1%          5    ####...
e - Conjure Flame         Conj/Fire      ######..     1%          3    None
f - Iskenderun's Battles  Conj/Chrm      #####...     1%          5    ####...
g - Venom Bolt            Conj/Pois      #####.....   1%          5    ####...

Your spell library contained the following spells:

 Spells                   Type           Power        Failure   Level  Hunger
 Sting                    Conj/Pois      ####         1%          1    None
 Throw Flame              Conj/Fire      ######       1%          2    None
 Inner Flame              Hex/Fire       #####...     1%          3    None
 Mephitic Cloud           Conj/Pois/Air  ####....     1%          3    None
 Beastly Appendage        Tmut           ##....       2%          1    None
 Poisonous Vapours        Pois/Air       ##....       3%          2    None
 Sticks to Snakes         Tmut           ##......     3%          2    None
 Spider Form              Tmut/Pois      ##........   7%          3    None
 Olgreb's Toxic Radiance  Pois           ##......     7%          4    #......
 Ice Form                 Ice/Tmut       ##......     22%         4    #......
 Blade Hands              Tmut           ##........   52%         5    ####...


Dungeon Overview and Level Annotations

Branches:
Dungeon (11/15)            Temple (1/1) D:6             Orc (0/2) D:11
   Lair: D:8-11

Altars:
Cheibriados
Dithmenos
Elyvilon
Fedhas
Gozag
Hepliaklqana
Kikubaaqudgha
Nemelex Xobeh
Okawaru
Qazlal
Ru
Sif Muna
Trog
Uskayaw
Vehumet
Wu Jian
Xom
Yredelemnul
Zin
The Shining One

Annotations:
D:8 1 runed translucent door


Innate Abilities, Weirdness & Mutations

You cannot wear boots.
Your serpentine skin is tough. (AC +4)
You have supernaturally acute eyesight. (SInv)
Armour fits poorly on your strangely shaped body.
Your system is resistant to poisons. (rPois)
You cover ground very slowly.
You have a slow metabolism.
You can spit poison.


Message History

The cyan ugly thing is heavily wounded.
The cyan ugly thing is covered in liquid flames!
The cyan ugly thing burns!
The cyan ugly thing engulfs you. The cyan ugly thing shocks you!
* * * LOW HITPOINT WARNING * * *
Unknown command.
Casting: Sticky Flame (safe; 1% risk of failure)
Confirm with . or Enter, or press ? or * to list all spells.
Aiming: Fireball (safe; 1% risk of failure)
Press: ? - help, Shift-Dir - straight line, p - cyan ugly thing The fireball explodes!
The fireball engulfs the cyan ugly thing!
The cyan ugly thing is severely wounded.
The cyan ugly thing burns!
The cyan ugly thing engulfs you.
* * * LOW HITPOINT WARNING * * *
The cyan ugly thing shocks you!
* * * LOW HITPOINT WARNING * * *
Unknown command.
The cyan ugly thing burns!
The cyan ugly thing engulfs you.
You die...

##..............#........#
##..#......................
##..###.....................
#....#.....###..............
..........#####.^...........
..........#####.....(.......
..........#####........###..
...........###........#####.
................@.....#####.
................u.....#####.
.......................###..
.###...........(........$...
#####............#..........
#####...........###........
#####..(..#......# .......
.###...D.###..............
.......... .....$.........


You could see a cyan ugly thing (burning).

Vanquished Creatures
  A fire dragon (D:10)
  2 hydras
  A two-headed ogre (D:9)
  3 skeletal warriors
  Pikel (D:4)
  A cyclops (D:11)
  A centaur skeleton (D:11)
  A troll (D:9)
  Prince Ribbit (D:9)
  2 hippogriffs
  A vampire (D:10)
  A wraith (D:11)
  A hungry ghost (D:10)
  19 yaks
  3 hogs (D:9)
  Grum (D:9)
  A human (D:9)
  An acid dragon (D:11)
  2 orc warriors
  3 sky beasts
  A black bear (D:11)
  A phantom (D:10)
  6 ogres
  A centaur (D:7)
  2 wolves (D:9)
  A big kobold (D:8)
  2 elf zombies (Ossuary)
  6 bullfrogs
  A wyvern skeleton (D:8)
  A scorpion (D:8)
  7 killer bees
  12 wights
  4 howler monkeys
  2 bullfrog zombies
  2 quasits
  2 centaur zombies (Ossuary)
  4 crimson imps
  5 hounds
  A gnoll shaman (D:4)
  2 human zombies (Ossuary)
  2 jellies (D:10)
  7 orc priests
  A bullfrog skeleton (D:4)
  2 iguanas
  Natasha (thrice) (D:4)
  7 orc wizards
  11 worker ants
  A hound zombie (D:10)
  2 hound skeletons
  2 mummies (Ossuary)
  A worker ant zombie (D:11)
  A howler monkey zombie (D:8)
  10 gnolls
  17 adders
  5 shadow imps
  15 oozes
  2 adder zombies
  An adder skeleton (D:5)
  8 worms
  2 dart slugs
  17 leopard geckos
  30 orcs
  17 ball pythons
  20 giant cockroaches
  9 goblins
  6 hobgoblins
  18 jackals
  5 quokkas
  8 bats
  11 frilled lizards
  11 hobgoblin zombies (Ossuary)
  A jackal zombie (Ossuary)
  16 kobolds
  5 kobold zombies (Ossuary)
  9 orc zombies (Ossuary)
  A quokka zombie (D:5)
  9 rats
  4 rat zombies (Ossuary)
  A butterfly (D:8)
408 creatures vanquished.

Notes
Turn   | Place    | Note
-------+----------+-------------------------------------------
     0 | D:1      | Dfrag the Naga Fire Elementalist began the quest for the
                  | Orb.
     0 | D:1      | Reached XP level 1. HP: 15/15 MP: 3/3
   158 | D:1      | Reached XP level 2. HP: 16/22 MP: 3/5
   486 | D:1      | Reached XP level 3. HP: 28/28 MP: 6/6
   875 | D:2      | Reached XP level 4. HP: 18/36 MP: 1/8
  1604 | D:2      | Reached XP level 5. HP: 24/42 MP: 3/9
  1682 | D:2      | Learned a level 3 spell: Conjure Flame
  1687 | D:2      | Learned a level 4 spell: Sticky Flame
  2221 | D:3      | Found a glowing drain.
  2226 | Sewer    | Entered a sewer
  2417 | Sewer    | Reached XP level 6. HP: 49/49 MP: 8/11
  2810 | D:3      | Found a hazy altar of Hepliaklqana.
  2973 | D:3      | Reached skill level 5 in Fire Magic
  2973 | D:3      | Reached XP level 7. HP: 55/55 MP: 9/13
  3028 | D:3      | Found a blossoming altar of Fedhas.
  3138 | D:3      | Found a bloodstained altar of Trog.
  3492 | D:4      | Noticed Natasha
  3498 | D:4      | Killed Natasha
  3961 | D:4      | You fall through a shaft!
  3961 | D:5      | Entered Level 5 of the Dungeon
  4125 | D:5      | Reached skill level 5 in Conjurations
  4162 | D:5      | Reached XP level 8. HP: 53/62 MP: 9/15
  4176 | D:4      | Reached skill level 5 in Spellcasting
  4180 | D:4      | Noticed Pikel
  4202 | D:4      | Killed Pikel
  4428 | D:4      | Noticed Natasha
  4434 | D:4      | Killed Natasha
  4479 | D:4      | Noticed Natasha
  4482 | D:4      | Killed Natasha
  4665 | D:5      | Found a shadowy altar of Dithmenos.
  5638 | D:6      | Found a staircase to the Ecumenical Temple.
  5647 | Temple   | Entered the Ecumenical Temple
  5657 | Temple   | Became a worshipper of Vehumet
  5720 | D:6      | Reached XP level 9. HP: 65/68 MP: 15/18
  5735 | D:6      | Found a sand-covered staircase.
  5739 | Ossuary  | Entered an ossuary
  5825 | Ossuary  | Learned a level 5 spell: Fireball
  5904 | Ossuary  | Reached * piety under Vehumet
  5904 | Ossuary  | Offered knowledge of Shock by Vehumet.
  6401 | D:6      | Reached ** piety under Vehumet
  6422 | D:6      | Offered knowledge of Searing Ray by Vehumet.
  6437 | D:6      | Learned a level 2 spell: Searing Ray
  7559 | D:8      | Offered knowledge of Throw Frost by Vehumet.
  7970 | D:8      | Reached XP level 10. HP: 75/75 MP: 21/21
  8081 | D:8      | Reached *** piety under Vehumet
  8349 | D:8      | Found a white marble altar of Elyvilon.
  8355 | D:8      | Noticed a four-headed hydra
  8361 | D:8      | Killed a four-headed hydra
  8466 | D:8      | Found a glowing golden altar of the Shining One.
  8523 | D:8      | Found a runed translucent door.
  8524 | D:8      | Found a runed translucent door.
  8731 | D:9      | Found a basalt altar of Yredelemnul.
  8733 | D:9      | Offered knowledge of Olgreb's Toxic Radiance by Vehumet.
  8738 | D:9      | Noticed a two-headed ogre
  8745 | D:9      | Killed a two-headed ogre
  9284 | D:9      | Noticed Grum
  9288 | D:9      | Killed Grum
  9288 | D:9      | Reached XP level 11. HP: 81/81 MP: 24/24
  9288 | D:9      | Noticed Prince Ribbit
  9299 | D:9      | Reached skill level 10 in Fire Magic
  9300 | D:9      | Killed Prince Ribbit
  9452 | D:9      | Found a sacrificial altar of Ru.
  9591 | D:9      | Reached **** piety under Vehumet
  9709 | D:9      | Offered knowledge of Iskenderun's Battlesphere by Vehumet.
 10204 | D:10     | Entered Level 10 of the Dungeon
 10353 | D:10     | Reached skill level 10 in Conjurations
 11255 | D:11     | Learned a level 5 spell: Iskenderun's Battlesphere
 11261 | D:11     | Noticed a seven-headed hydra
 11269 | D:11     | Killed a seven-headed hydra
 11524 | D:11     | Noticed a skeletal warrior
 11539 | D:11     | Noticed a skeletal warrior
 11543 | D:11     | Noticed a cyan ugly thing
 11544 | D:11     | Noticed a skeletal warrior
 11550 | D:10     | Killed a skeletal warrior
 11856 | D:11     | Found a staircase to the Orcish Mines.
 11859 | D:11     | Reached skill level 10 in Spellcasting
 12301 | D:11     | Noticed a fire dragon
 12307 | D:10     | Reached ***** piety under Vehumet
 12307 | D:10     | Reached XP level 12. HP: 80/88 MP: 3/26
 12345 | D:10     | Learned a level 5 spell: Venom Bolt
 13087 | D:10     | Killed a fire dragon
 13246 | D:11     | HP: 4/88 [cyan ugly thing (16)]
 13247 | D:11     | Slain by a cyan ugly thing

Levels and vault maps discovered:
D:1:      zaba_arrival_water, layout_loops_cross
D:2:      layout_basic, first_ration
D:3:      layout_basic, fedhas_altar_1, old_standard_altar,
          gup_sewer_entry_bowl, trog_butcher_becter
D:4:      layout_basic, uniq_natasha, uniq_pikel
D:5:      layout_basic, grunt_decor_cap, nicolae_dithmenos_the_darkroom
D:6:      layout_basic, minmay_temple_entry_waves,
          nicolae_ossuary_entry_false_entrances, eino_curves_03
D:7:      layout_rooms, st_stairs_1
D:8:      lemuel_insect_pit, layout_rooms, elyvilon_altar_1, tso_oasis_becter
D:9:      layout_basic, yredelemnul_altar_generic, lemuel_doored_altar,
          grunt_livestock, uniq_prince_ribbit1, uniq_grum
D:10:     layout_stronghold
D:11:     layout_big_octagon, minmay_lair_entry_lava
Temple:   nicolae_temple_x_marks_the_god
Sewer:    sewer_frog_island_02
Ossuary:  ossuary_tomb_1

Skill      XL: |  1  2  3  4  5  6  7  8  9 10 11 12 |
---------------+-------------------------------------+-----
Conjurations   | 2 3 4 5 6 8 9 10 11 | 11.3
Spellcasting   | 3 4 6 7 9 10 | 10.6
Fire Magic     | 4 5 7 8 9 11 | 11.6
Dodging        | |  1.5
Stealth        | |  3.0

Action                   |  1- 3 |  4- 6 |  7- 9 | 10-12 || total
-------------------------+-------+-------+-------+-------++-------
Melee: Unarmed           |    12 |     6 |    13 |       ||    31
       Rapier            |       |    16 |   112 |       ||   128
       Staff             |       |       |    27 |    71 ||    98
       Whip              |       |       |   164 |       ||   164
       Long sword        |       |       |    26 |    46 ||    72
       Great sword       |       |       |       |     9 ||     9
 Cast: Flame Tongue      |    43 |   117 |   162 |    85 ||   407
       Sticky Flame      |       |       |    39 |    48 ||    87
       Fireball          |       |       |     5 |    89 ||    94
       Conjure Flame     |       |       |       |     2 ||     2
       Venom Bolt        |       |       |       |    10 ||    10
       Iskenderun's Batt |       |       |       |     4 ||     4
       Searing Ray       |       |       |       |     4 ||     4
 Abil: Spit Poison       |    27 |    17 |    30 |     7 ||    81
Evoke: Wand              |       |       |     2 |    12 ||    14
  Use: Scroll            |       |       |       |    12 ||    12
       Potion            |       |       |       |     2 ||     2
 Stab: Distracted        |       |     1 |       |       ||     1
       Sleeping          |       |       |     3 |       ||     3
  Eat: Chunk             |     1 |     7 |    19 |    34 ||    61
       Ration            |       |       |     1 |     3 ||     4
Armor: Robe              |    12 |    78 |   307 |   194 ||   591
       Skin              |       |       |       |    12 ||    12
Dodge: Dodged            |    37 |    44 |   235 |   138 ||   454
       Rpst.: Long sword |       |       |    16 |     6 ||    22
       Great sword       |       |       |       |     2 ||     2

Table legend:
 A = Non-vault XP
 B = Vault XP
 C = Vault XP percentage of total XP
 D = Non-vault monster count
 E = Vault monster count
 F = Vault count percentage of total count
                 A         B        C        D         E       F
            +---------+---------+-------+---------+---------+-------
      Total |   17179 |    4608 |  21.2 |     284 |     123 |  30.2
            +---------+---------+-------+---------+---------+-------
        D:1 |      42 |       0 |   0.0 |      22 |       0 |   0.0
        D:2 |     164 |       0 |   0.0 |      36 |       0 |   0.0
        D:3 |     151 |      15 |   9.0 |      21 |       7 |  25.0
        D:4 |     527 |     721 |  57.8 |      23 |       2 |   8.0
        D:5 |     255 |       0 |   0.0 |      19 |       0 |   0.0
        D:6 |     482 |       0 |   0.0 |      13 |       0 |   0.0
        D:7 |    1141 |      48 |   4.0 |      23 |       1 |   4.2
        D:8 |    1854 |     208 |  10.1 |      30 |      12 |  28.6
        D:9 |    2653 |    1700 |  39.1 |      29 |       9 |  23.7
       D:10 |    3730 |    1108 |  22.9 |      33 |       1 |   2.9
       D:11 |    6180 |       0 |   0.0 |      35 |       0 |   0.0
      Sewer |       0 |     368 | 100.0 |       0 |      52 | 100.0
    Ossuary |       0 |     440 | 100.0 |       0 |      39 | 100.0
            +---------+---------+-------+---------+---------+-------
